 Dungeon Crawl Stone Soup version 0.31-a0-162-gc4c5a43528 (webtiles) character file.

Game seed: 4611233853151069441

46 qw the Shooter (level 3, -8/22 HPs)
             Began as a Gargoyle Hunter on June 12, 2023.
             Mangled by Sigmund
             ... wielding a +0 scythe
              (9 damage)
             ... on level 2 of the Dungeon.
             The game lasted 00:00:23 (924 turns).

qw the Shooter (Gargoyle Hunter)                     Turns: 924, Time: 00:00:24

Health: -8/22      AC:  6    Str: 14    XL:     3   Next: 68%
Magic:  3/3        EV: 11    Int:  9    God:
Gold:   153        SH:  0    Dex: 15    Spells: 2/2 levels left

rFire   . . .        Y - +0 shortbow
rCold   . . .        (shield currently unavailable)
rNeg    + . .        c - +0 leather armour
rPois   inf          (no helmet)
rElec   +            (no cloak)
rCorr   .            (no gloves)
SInv    .            (no boots)
Will    .....        (no amulet)
Stlth   ++           (no ring)
HPRegen 0.23/turn    (no ring)
MPRegen 0.08/turn

%: no passive effects
@: no status effects
A: sickness immunity, AC +3, negative energy resistance 1, electricity
resistance, torment resistance 1, petrification resistance
a: no special abilities


You were on level 2 of the Dungeon.
You visited 1 branch of the dungeon, and saw 2 of its levels.

You collected 153 gold pieces.


Innate Abilities, Weirdness & Mutations

You are immune to sickness and miasma.
Your stone body is resilient. (AC +3)
You are immune to poison.
You resist negative energy. (rN+)
You are resistant to electric shocks. (rElec)
You are resistant to unholy torment.
You are immune to petrification.


   Skills:
 + Level 2.8 Fighting
 - Level 5.0 Ranged Weapons
 - Level 1.5 Dodging
 - Level 1.1 Stealth


You had 2 spell levels left.
You didn't know any spells.
Your spell library was empty.

Inventory:

Hand Weapons
 Y - a +0 shortbow (weapon)
Armour
 c - a +0 leather armour (worn)
Scrolls
 a - a scroll of vulnerability {unknown}
 b - a scroll of fear {unknown}
 d - 2 scrolls of teleportation {unknown}
 e - a scroll of identify
 g - a scroll of enchant armour {unknown}
Potions
 f - a potion of curing {unknown}

Dungeon Overview and Level Annotations

Branches:
Dungeon (2/15)

Altars:

Annotations:
D:2 Sigmund


Message History

Enter note:
Enter note: You now have 153 gold pieces (gained 9).
Sigmund the Dreaded comes into view.
He is wielding a +0 scythe.
Enter note:
Enter note:
Enter note:
Enter note:
Enter note:
Enter note:
Enter note:
Enter note:
Enter note: You shoot an arrow.
The arrow hits Sigmund!
Sigmund shouts!
Sigmund is moderately wounded.
You shoot an arrow.
The arrow hits Sigmund but does no damage.
Sigmund is moderately wounded.
You shoot an arrow. The arrow closely misses Sigmund.
You shoot an arrow. The arrow closely misses Sigmund.
Sigmund casts a spell at you.
You are confused.
Sigmund screams, "I am the angel of ZOT!!!"
Sigmund gestures at you while chanting. You resist with significant effort.
Sigmund gestures wildly while chanting.
Sigmund flickers and vanishes!
Deactivating autopickup; reactivate with Ctrl-A.
You shoot an arrow.
A magic dart appears from out of thin air!
The magic dart hits you.
You shoot an arrow. Something hits you.
You shoot an arrow. Something hits you!
You shoot an arrow.
You feel less confused. Something hits you!
You die...

#.# #.#...#..# #
#.# #.#.#.#..# #
#.# #.#.#.#..# #
#.#.#.#.#<#.:## #
#.#.#.....#.... +.
#.#.#.#.....># ##
#.#.#.#...##.# #
#.#.#.#.####.###.##
#
#.#.#.#....@.{.....
+
#.#.#.########.....
# #............ ..#
########
###.######### #
#....... #.#
#.###### #.# #.#
#.# #..###.# #.#
#....#.# ## #.#
#....#.# #.


There were no monsters in sight!

Vanquished Creatures
  2 adders (D:2)
  A dart slug (D:1)
  2 bats (D:1)
  3 endoplasms
  3 giant cockroaches (D:1)
  2 goblins
  3 hobgoblins
  3 kobolds
  A ball python (D:2)
  A frilled lizard (D:1)
  4 rats
25 creatures vanquished.

Notes
Turn   | Place    | Note
-------+----------+-------------------------------------------
     0 | D:1      | qw the Gargoyle Hunter began the quest for the Orb.
     0 | D:1      | Reached XP level 1. HP: 12/12 MP: 1/1
     0 | D:1      | 0 ||| qw: Version: 0.2-a-29-gc1b59c4
     0 | D:1      | 0 ||| qw: Game counter: 4311
     0 | D:1      | 0 ||| qw: Always use a shield: true
     0 | D:1      | 0 ||| qw: God list: Okawaru
     0 | D:1      | 0 ||| qw: Allow faded altars: false
     0 | D:1      | 0 ||| qw: Do Orc after D:15 true
     0 | D:1      | 0 ||| qw: Do second Lair branch before Depths: true
     0 | D:1      | 0 ||| qw: Lair rune preference: random
     0 | D:1      | 0 ||| qw: Plans: Normal, Zot:1-4, Slime:5, God:TSO, Crypt,
                  | Tomb, Abyss, Pan, Hells, Win
     0 | D:1      | 0 ||| PLANNING D:1-11
    55 | D:1      | Reached XP level 2. HP: 17/17 MP: 2/2
   428 | D:1      | 428 ||| READING scroll labelled FEYH MAFFOOSEO.
   429 | D:1      | 429 ||| READING scroll labelled ZUSEROWKAG.
   430 | D:1      | 430 ||| READING scroll labelled KASEXK FICY.
   431 | D:1      | 431 ||| DROPPING scroll of butterflies.
   557 | D:2      | Reached skill level 5 in Ranged Weapons
   557 | D:2      | Reached XP level 3. HP: 21/21 MP: 3/3
   913 | D:2      | Noticed Sigmund
   923 | D:2      | HP: 1/22 [something (10)]
   924 | D:2      | Mangled by Sigmund

Levels and vault maps discovered:
D:1:      minmay_arrival_solitary_statue, layout_rooms
D:2:      layout_basic, uniq_sigmund

Skill      XL: |  1  2 |
---------------+-------+-----
Ranged Weapons | 5 |  5.0
Fighting       | |  2.8
Dodging        | |  1.5
Stealth        | |  1.1

Action                     || total
---------------------------++-------
   Fire: Shortbow          ||    98
    Use: Scroll            ||     3
 Armour: Leather armour    ||    16
  Dodge: Dodged            ||    19

Table legend:
 A = Non-vault XP
 B = Vault XP
 C = Vault XP percentage of total XP
 D = Non-vault monster count
 E = Vault monster count
 F = Vault count percentage of total count
                 A         B        C        D         E       F
            +---------+---------+-------+---------+---------+-------
      Total |      67 |       0 |   0.0 |      25 |       0 |   0.0
            +---------+---------+-------+---------+---------+-------
        D:1 |      27 |       0 |   0.0 |      14 |       0 |   0.0
        D:2 |      40 |       0 |   0.0 |      11 |       0 |   0.0
            +---------+---------+-------+---------+---------+-------
